 Dungeon Crawl Stone Soup version 0.29.1-debian-1-gc3f1650bb9 (webtiles) character file.

Game seed: 517121790192592284

51 Newt the Trooper (level 3, -6/29 HPs)
             Began as a Demonspawn Gladiator on Sept 12, 2022.
             Was a Follower of Yredelemnul.
             Killed from afar by an orc wizard (10 damage)
             ... with a magic dart
             ... on level 2 of the Dungeon.
             The game lasted 00:03:04 (2475 turns).

Newt the Trooper (Demonspawn Gladiator)             Turns: 2475, Time: 00:03:05

Health: -6/29      AC:  3    Str: 16    XL:     3   Next: 57%
Magic:  3/3        EV: 12    Int:  9    God:    Yredelemnul [*.....]
Gold:   57         SH:  0    Dex: 14    Spells: 2/2 levels left

rFire   . . .      SeeInvis .   a - +0 rapier
rCold   . . .      Faith    .   (no shield)
rNeg    . . .      Spirit   .   b - +0 leather armour
rPois   +          Reflect  .   (helmet restricted)
rElec   .          Harm     .   (no cloak)
rCorr   .          Rampage  .   (no gloves)
Will    +....                   (no boots)
Stlth   ++........              (no amulet)
HPRegen 0.09/turn               f - ring of poison resistance
MPRegen 0.16/turn               g - ring of willpower

@: no status effects
A: antennae 1, magic regeneration
a: Renounce Religion, Recall Undead Harvest


You were on level 2 of the Dungeon.
You worshipped Yredelemnul.
Yredelemnul was noncommittal.
You visited 1 branch of the dungeon, and saw 2 of its levels.

You collected 57 gold pieces.

Inventory:

Hand Weapons
 a - a +0 rapier (weapon)
Missiles
 d - a throwing net (quivered)
 e - a javelin
Armour
 b - a +0 leather armour (worn)
 c - a +0 helmet
Jewellery
 f - a ring of poison resistance (left hand)
 g - a ring of willpower (right hand)
Scrolls
 k - 2 scrolls of magic mapping
 n - a scroll of identify
Potions
 h - a potion of resistance
 i - 2 potions of lignification
 j - 2 potions of invisibility
 l - a potion of heal wounds {unknown}
 m - 2 potions of mutation {unknown}


   Skills:
 + Level 3.3 Fighting
 - Level 2.6 Short Blades
 - Level 1.7 Throwing
 - Level 2.6 Dodging
 - Level 2.0 Stealth


You had 2 spell levels left.
You didn't know any spells.
Your spell library was empty.

Dungeon Overview and Level Annotations

Branches:
Dungeon (2/15)

Altars:
Yredelemnul


Innate Abilities, Weirdness & Mutations

You have a pair of small antennae on your head.
You regenerate magic rapidly.


Message History

You are too injured to fight recklessly!
You are too injured to fight recklessly!
An orc wizard is nearby!
An orc wizard is nearby!
Unknown command.
You closely miss the orc wizard.
The orc wizard is heavily wounded.
The orc wizard hits you with a +0 dagger.
* * * LOW HITPOINT WARNING * * *
You swap places.
Your jackal zombie bites the orc wizard.
The orc wizard barely misses your jackal zombie.
Your jackal zombie barely misses the orc wizard.
The orc wizard hits your jackal zombie with a +0 dagger.
Your jackal zombie barely misses the orc wizard.
The orc wizard completely misses your jackal zombie.
Your jackal zombie misses the orc wizard.
The orc wizard hits your jackal zombie with a +0 dagger.
Your jackal zombie barely misses the orc wizard.
The orc wizard hits your jackal zombie with a +0 dagger.
Your jackal zombie barely misses the orc wizard.
Your jackal zombie bites the orc wizard but does no damage.
The orc wizard casts a spell at your jackal zombie.
The puff of flame hits your jackal zombie.
Your jackal zombie is destroyed!
The orc wizard barely misses you.
You closely miss the orc wizard.
The orc wizard is severely wounded.
The orc wizard hits you with a +0 dagger.
* * * LOW HITPOINT WARNING * * *
You closely miss the orc wizard.
The orc wizard is severely wounded.
The orc wizard hits you with a +0 dagger.
* * * LOW HITPOINT WARNING * * *
You hit the orc wizard but do no damage.
The orc wizard is severely wounded.
The orc wizard points at you and mumbles some strange words.
The magic dart hits you!
You die...
Your body rises from the dead as a mindless zombie.

## ...#.
#[#.###############
..
...#......o@ZZZZZ#
o.
#.#...###########Z#
.. #.#...# #.#
..###.###.#######
#.#
..#.....#.Z.Z{.>#
#Z#
..#######Z.#.##Z#
#.#
..~≈≈≈≈≈~.##.##.#
#Z#
#.#######.##.#.Z#
#.#
#.#.....#....ZZ.#
#Z#


You could see an orc wizard (ally target), a friendly ball python zombie, a
friendly adder zombie, a friendly quokka zombie, 2 friendly endoplasm zombies
and a friendly giant cockroach zombie.

Vanquished Creatures
  2 adders (D:2)
  A dart slug (D:1)
  A ball python (D:2)
  7 endoplasms
  2 giant cockroaches
  3 jackals (D:2)
  A quokka (D:2)
  2 bats (D:1)
  2 frilled lizards (D:1)
  3 kobolds
  A rat (D:1)
  A spectral kobold (D:1)
26 creatures vanquished.

Vanquished Creatures (collateral kills)
  A goblin (D:1)
  A kobold (D:1)
  A ball python (D:1)
  A bat (D:1)
4 creatures vanquished.

Vanquished Creatures (others)
  A bat zombie (D:1)
  A jackal zombie (D:2)
2 creatures vanquished.

Grand Total: 32 creatures vanquished

Notes
Turn   | Place    | Note
-------+----------+-------------------------------------------
     0 | D:1      | Newt the Demonspawn Gladiator began the quest for the Orb.
     0 | D:1      | Reached XP level 1. HP: 16/16 MP: 1/1
   131 | D:1      | Reached skill level 1 in Stealth
   296 | D:1      | Found a faded altar of an unknown god.
   312 | D:1      | Prayed at the altar of an unknown god.
   312 | D:1      | Became a worshipper of Yredelemnul the Dark
   312 | D:1      | Reached * piety under Yredelemnul
   365 | D:1      | Discovered your monstrous ancestry.
   365 | D:1      | Gained mutation: You have a pair of small antennae on your
                  | head. [demonic ancestry]
   365 | D:1      | Reached XP level 2. HP: 22/22 MP: 2/2
   960 | D:1      | Reached ** piety under Yredelemnul
  1460 | D:2      | Gained mutation: You regenerate magic rapidly. [demonic
                  | ancestry]
  1460 | D:2      | Reached XP level 3. HP: 11/28 MP: 3/3
  2096 | D:2      | Reached skill level 3 in Fighting
  2475 | D:2      | Killed from afar by an orc wizard

Illustrated notes

Levels and vault maps discovered:
D:1:      eino_arrival_water_star, layout_loops_corners,
          dreamdust_ecumenical_altar_drowned_temple
D:2:      layout_basic, minivault_19, grunt_decor_cap

Skill      XL: |  1  2  3 |
---------------+----------+-----
Stealth        | 1 2 |  2.0
Fighting       | 3 |  3.3
Short Blades   | |  2.6
Throwing       | |  1.7
Dodging        | |  2.6

Action                   || total
-------------------------++-------
Melee: Rapier            ||   138
       Punch             ||     1
Throw: Throwing net      ||     2
  Use: Scroll            ||     4
       Potion            ||     2
 Stab: Sleeping          ||     2
Armor: Leather armour    ||    47
Dodge: Dodged            ||    93
